 Dungeon Crawl Stone Soup version 0.22-a0-422-g9628fc8 (webtiles) character file.

2753 Mgcat the Chiller (level 9, 0/51 HPs)
             Began as a Gargoyle Ice Elementalist on May 20, 2018.
             Was an Initiate of Vehumet.
             Killed by nerve-wracking pain
             ... invoked by an orc priest
              (6 damage)
             ... on level 8 of the Dungeon.
             The game lasted 00:18:23 (7547 turns).

Mgcat the Chiller (Gargoyle Ice Elementalist)       Turns: 7547, Time: 00:18:24

Health: 0/51       AC: 10    Str: 11    XL:     9   Next: 68%
Magic:  7/18       EV: 13    Int: 20    God:    Vehumet [......]
Gold:   460        SH:  0    Dex: 13    Spells: 7/21 levels left

rFire    . . .     SeeInvis .   e - +0 mace
rCold    . . .     Gourm    .   (no shield)
rNeg     + . .     Faith    .   a - +1 robe
rPois    ∞         Spirit   .   x - +0 helmet
rElec    +         Reflect  .   (no cloak)
rCorr    .         Harm     .   (no gloves)
MR       .....                  (no boots)
Stlth    ++........             v - amulet of regeneration {+regen, !d}
HPRegen  0.57/turn              p - +3 ring of dexterity
MPRegen  0.16/turn              (no ring)

@: very slightly contaminated
A: negative energy resistance 1, electricity resistance, unbreathing,
petrification resistance, rot immunity, AC +6
a: Renounce Religion


You were on level 8 of the Dungeon.
You worshipped Vehumet.
Vehumet was noncommittal.
You were not hungry.

You visited 2 branches of the dungeon, and saw 9 of its levels.
You also visited: Sewer.

You collected 460 gold pieces.

Inventory:

Hand Weapons
 e - a +0 mace (weapon)
   (You found it on level 1 of the Dungeon)
Missiles
 y - 3 curare-tipped needles
Armour
 a - a +1 robe (worn)
 u - the +5 plate armour "Vuapeyty" {Dex+6}
   (You found it on level 4 of the Dungeon)

   It affects your dexterity (+6).
 x - a +0 helmet (worn)
   (You found it on level 8 of the Dungeon)
Jewellery
 p - a +3 ring of dexterity (left hand)
   (You found it on level 3 of the Dungeon)
 v - an amulet of regeneration (around neck) {+regen, !d}
   (You found it on level 4 of the Dungeon)
Wands
 s - a wand of digging (11)
   (You took it off Ijyb on level 5 of the Dungeon)
 t - a wand of random effects (22)
   (You found it on level 8 of the Dungeon)
 w - a wand of enslavement (16)
   (You found it on level 6 of the Dungeon)
Scrolls
 b - 2 scrolls of amnesia
 d - 5 scrolls of remove curse
 l - 6 scrolls of teleportation
 n - 2 scrolls of blinking {!r}
 q - 7 scrolls of fog
 A - a scroll of fear
Potions
 f - 3 potions of haste
 g - 8 potions of curing
 h - a potion of brilliance {unknown}
 i - 3 potions of heal wounds
 j - 2 potions of mutation {unknown}
 k - 3 potions of lignification {unknown}
 m - 3 potions of flight
 o - 2 potions of resistance
 r - a potion of berserk rage {unknown}
 z - a potion of magic {unknown}
Comestibles
 c - 5 rations


   Skills:
 + Level 3.2 Fighting
 + Level 3.0 Dodging
 - Level 2.1 Stealth
 + Level 6.5 Spellcasting
 + Level 6.0 Conjurations
 + Level 4.2 Summonings
 + Level 7.4 Ice Magic


You had 7 spell levels left.
You knew the following spells:

 Your Spells              Type           Power        Failure   Level  Hunger
a - Freeze                Ice            ####         1%          1    None
b - Throw Frost           Conj/Ice       ####..       1%          2    None
c - Ozocubu's Armour      Chrm/Ice       ###.....     6%          3    #......
d - Throw Icicle          Conj/Ice       ####....     6%          4    ###....
e - Summon Ice Beast      Ice/Summ       ####....     9%          4    ###....

Your spell library contained the following spells:

 Spells                   Type           Power        Failure   Level  Hunger


Dungeon Overview and Level Annotations

Branches:
Dungeon (8/15)             Temple (1/1) D:6
   Lair: D:8-11

Altars:
Ashenzari
Fedhas
Hepliaklqana
Makhleb
Nemelex Xobeh
Sif Muna
Trog
Uskayaw
Vehumet
Wu Jian
The Shining One

Shops:
D:4 *

Annotations:
D:3 Grinder


Innate Abilities, Weirdness & Mutations

You are resistant to torment.
Your stone body is resilient. (AC +6)
You are immune to poison.
You resist negative energy. (rN+)
You are resistant to electric shocks. (rElec)
You can survive without breathing.
You are immune to petrification.
You are immune to rotting.


Message History

You eat one of the 6 rations.
That ration really hit the spot!
Found a stone staircase leading down.
A - a scroll of fear You see here 16 bolts.
You open the door.
There is an open door here.
An orc warrior comes into view. It is wielding a trident.
The orc warrior moves out of view.
The orc warrior is too close now for your liking.
Casting: Throw Frost (safe; 1% risk of failure)
Confirm with . or Enter, or press ? or * to list all spells.
You can't see any susceptible monsters within range! (Use Z to cast anyway.)
The orc warrior shouts!
There is a stone staircase leading up here.
The orc warrior closely misses you.
Casting: Throw Frost (safe; 1% risk of failure)
Confirm with . or Enter, or press ? or * to list all spells.
Aiming: Throw Frost (safe; 1% risk of failure)
Press: ? - help, Shift-Dir - straight line, f - orc warrior
Aim: an orc warrior, wielding a trident and wearing a plate armour You miscast Throw Frost.
You are very lightly contaminated with residual magic.
Nothing appears to happen.
An orc comes into view. It is wielding a whip.
Casting: Throw Frost (safe; 1% risk of failure)
Confirm with . or Enter, or press ? or * to list all spells.
Aiming: Throw Frost (safe; 1% risk of failure)
Press: ? - help, Shift-Dir - straight line, f/p - orc warrior
Aim: an orc warrior, wielding a trident and wearing a plate armour The puff of frost hits the orc warrior.
The orc warrior is lightly wounded.
The orc shouts!
The orc warrior hits you from afar with a trident.
Casting: Throw Frost (safe; 1% risk of failure)
Confirm with . or Enter, or press ? or * to list all spells.
Aiming: Throw Frost (safe; 1% risk of failure)
Press: ? - help, Shift-Dir - straight line, f/p - orc warrior
Aim: an orc warrior, wielding a trident and wearing a plate armour (lightly wounded)
The puff of frost hits the orc warrior.
The orc warrior is moderately wounded.
The orc warrior hits you from afar with a trident!
The orc warrior hits you with a trident.
Casting: Throw Frost (safe; 1% risk of failure)
Confirm with . or Enter, or press ? or * to list all spells.
Aiming: Freeze (safe; 1% risk of failure)
Press: ? - help, Shift-Dir - straight line, f/p - orc warrior
Aim: an orc warrior, wielding a trident and wearing a plate armour (moderately wounded)
You freeze the orc warrior.
The orc warrior is heavily wounded.
The orc warrior hits you with a trident!
Casting: Freeze (safe; 1% risk of failure)
Confirm with . or Enter, or press ? or * to list all spells.
Aiming: Freeze (safe; 1% risk of failure)
Press: ? - help, Shift-Dir - straight line, f/p - orc warrior
Aim: an orc warrior, wielding a trident and wearing a plate armour (heavily wounded)
You freeze the orc warrior.
The orc warrior is heavily wounded.
The orc warrior hits you with a trident!
* * * LOW HITPOINT WARNING * * *
Casting: Freeze (safe; 1% risk of failure)
Confirm with . or Enter, or press ? or * to list all spells.
Aiming: Freeze (safe; 1% risk of failure)
Press: ? - help, Shift-Dir - straight line, f/p - orc warrior
Aim: an orc warrior, wielding a trident and wearing a plate armour (heavily wounded)
You freeze the orc warrior.
The orc warrior is severely wounded.
The orc completely misses you.
The orc warrior hits you with a trident!
* * * LOW HITPOINT WARNING * * *
Casting: Freeze (safe; 1% risk of failure)
Confirm with . or Enter, or press ? or * to list all spells.
Aiming: Freeze (safe; 1% risk of failure)
Press: ? - help, Shift-Dir - straight line, f/p - orc warrior
Aim: an orc warrior, wielding a trident and wearing a plate armour (severely wounded)
You freeze the orc warrior.
The orc warrior is almost dead.
The orc misses you. The orc warrior closely misses you.
Casting: Freeze (safe; 1% risk of failure)
Confirm with . or Enter, or press ? or * to list all spells.
Aiming: Freeze (safe; 1% risk of failure)
Press: ? - help, Shift-Dir - straight line, f/p - orc warrior
Aim: an orc warrior, wielding a trident and wearing a plate armour (almost dead)
You freeze the orc warrior.
You kill the orc warrior!
Vehumet accepts your kill. The orc hits you but does no damage.
An orc priest comes into view. It is wielding a morningstar.
Casting: Freeze (safe; 1% risk of failure)
Confirm with . or Enter, or press ? or * to list all spells.
Aiming: Freeze (safe; 1% risk of failure)
Press: ? - help, Shift-Dir - straight line, f - orc
Aim: an orc, wielding a whip You freeze the orc.
The orc is lightly wounded.
The orc priest shouts!
The orc hits you but does no damage. The orc hits you but does no damage.
The orc priest mumbles some strange prayers to Beogh against you.
Pain shoots through your body!
You die...

#.##...### .....##.#
#....#...#....#..#.#
##..#......#..#..#.#
#...#...####..#..#.#
...................##
...)#...###......... #
..............###.####.#
##.#....###)....o......#
...#....# #.....@..o...#
........####.....###...#
.......+........'.# .....
........####.....#.# ..##
.####.#..........#.# o..
#............#.# ##
#...####.#####.# #...#
#.....#.#########
.####.#.####.###.#.........#


You could see an orc priest and an orc.

Vanquished Creatures
  Joseph (D:7)
  A hippogriff (D:8)
  An orc warrior (D:8)
  3 sky beasts
  Purgy (D:3)
  A phantom (D:7)
  An ice beast (D:5)
  2 ogres
  4 centaurs
  A crocodile (Sewer)
  6 killer bees (D:7)
  2 electric eels (D:7)
  A howler monkey (D:4)
  A bullfrog zombie (D:6)
  A crimson imp (D:8)
  A hound (D:4)
  A quasit (D:7)
  A bullfrog skeleton (D:5)
  Ijyb (D:5)
  An orc wizard (D:4)
  Natasha (twice) (D:3)
  An iguana (D:4)
  2 worker ants
  A killer bee zombie (D:5)
  A hound skeleton (D:7)
  14 adders
  A river rat (D:4)
  4 oozes
  2 adder skeletons (D:4)
  3 worms (D:4)
  2 leopard geckos
  15 orcs
  3 ball pythons
  4 bats
  9 giant cockroaches
  9 goblins
  7 hobgoblins
  3 jackals (D:1)
  4 kobolds
  2 quokkas
  10 frilled lizards
  7 rats
138 creatures vanquished.

Vanquished Creatures (collateral kills)
  A phantom (D:6)
1 creature vanquished.

Vanquished Creatures (others)
  4 toadstools (D:1)
4 creatures vanquished.

Grand Total: 143 creatures vanquished

Notes
Turn   | Place    | Note
-------+----------+-------------------------------------------
     0 | D:1      | Mgcat the Gargoyle Ice Elementalist began the quest for the Orb.
     0 | D:1      | Reached XP level 1. HP: 10/10 MP: 3/3
   137 | D:1      | Reached XP level 2. HP: 15/15 MP: 0/5
   186 | D:1      | Learned a level 2 spell: Throw Frost
   506 | D:1      | Reached XP level 3. HP: 18/19 MP: 4/6
   884 | D:2      | Found an ornate altar of the Wu Jian Council.
  1446 | D:2      | Found a shattered altar of Ashenzari.
  1647 | D:3      | Reached skill level 3 in Spellcasting
  1656 | D:3      | Learned a level 3 spell: Ozocubu's Armour
  1705 | D:3      | Reached skill level 4 in Ice Magic
  1705 | D:3      | Reached XP level 4. HP: 24/24 MP: 6/8
  1726 | D:3      | Noticed Purgy
  1751 | D:3      | HP: 5/24 [Purgy (2)]
  1753 | D:3      | Killed Purgy
  1753 | D:3      | Reached XP level 5. HP: 3/28 MP: 0/10
  2057 | D:3      | Noticed Grinder
  2072 | D:3      | Paralysed by Grinder for 6 turns
  2086 | D:3      | Paralysed by Grinder for 3 turns
  2088 | D:3      | HP: 7/28 [Grinder (1)]
  2091 | D:3      | HP: 1/28 [Grinder (6)]
  2432 | D:3      | Noticed Natasha
  2440 | D:3      | Killed Natasha
  2475 | D:3      | Found a glowing golden altar of the Shining One.
  2680 | D:3      | Reached skill level 4 in Spellcasting
  2693 | D:3      | Learned a level 4 spell: Throw Icicle
  2828 | D:3      | Noticed Natasha
  2836 | D:3      | Killed Natasha
  2836 | D:3      | Reached skill level 5 in Ice Magic
  2836 | D:3      | Reached XP level 6. HP: 27/32 MP: 7/12
  3084 | D:4      | Reached skill level 2 in Conjurations
  3180 | D:4      | Found a glowing drain.
  3187 | Sewer    | Entered a sewer
  3645 | D:4      | Got a transparent plate armour
  3656 | D:4      | Identified the +5 plate armour "Vuapeyty" {Dex+6} (You found it on level 4 of the Dungeon)
  3679 | D:4      | Reached XP level 7. HP: 28/36 MP: 8/13
  3720 | D:4      | Learned a level 4 spell: Summon Ice Beast
  3978 | D:4      | Found a sparkling altar of Nemelex Xobeh.
  4071 | D:4      | Reached skill level 3 in Conjurations
  4222 | D:4      | Found Ajuwkubb's Assorted Antiques.
  4280 | D:5      | Entered Level 5 of the Dungeon
  4321 | D:5      | Reached skill level 1 in Summonings
  4375 | D:5      | Found a hide-covered altar of Uskayaw.
  4390 | D:5      | Reached skill level 5 in Spellcasting
  4396 | D:5      | HP: 7/36 [killer bee zombie (6)]
  4525 | D:5      | Reached skill level 6 in Ice Magic
  4534 | D:5      | HP: 9/36 [centaur (3)]
  4535 | D:5      | HP: 3/36 [adder (3)]
  4537 | D:5      | Reached skill level 4 in Conjurations
  4537 | D:5      | Reached skill level 2 in Summonings
  4537 | D:5      | Reached XP level 8. HP: 4/41 MP: 8/15
  4652 | D:5      | Noticed Ijyb
  4662 | D:5      | Killed Ijyb
  5302 | D:6      | Found a staircase to the Ecumenical Temple.
  5308 | Temple   | Entered the Ecumenical Temple
  5339 | Temple   | Became a worshipper of Vehumet
  5531 | D:6      | Reached skill level 3 in Summonings
  6389 | D:6      | Found a hazy altar of Hepliaklqana.
  6488 | D:7      | Reached skill level 5 in Conjurations
  6525 | D:7      | Reached skill level 1 in Fighting
  6528 | D:7      | Reached skill level 2 in Dodging
  6622 | D:7      | Noticed Joseph
  6650 | D:7      | Killed Joseph
  6650 | D:7      | Reached skill level 2 in Fighting
  6650 | D:7      | Reached skill level 6 in Spellcasting
  6650 | D:7      | Reached skill level 7 in Ice Magic
  6650 | D:7      | Reached XP level 9. HP: 24/48 MP: 2/18
  6878 | D:7      | Found a blossoming altar of Fedhas.
  7133 | D:7      | Reached skill level 4 in Summonings
  7421 | D:8      | Reached skill level 3 in Fighting
  7421 | D:8      | Reached skill level 3 in Dodging
  7434 | D:8      | Reached skill level 6 in Conjurations
  7543 | D:8      | HP: 3/50 [orc warrior/trident (11)]
  7547 | D:8      | Killed from afar by an orc priest

Vault maps used:
D:1:      ldierk_walled_garden_2
D:2:      old_standard_altar, evilmike_ruin_ashenzari
D:3:      lemuel_coloured_pillars_altar, minmay_misc_feat_diagonals,
          uniq_natasha, uniq_grinder, uniq_purgy
D:4:      corexii_shack_village, lightli_sewer_entry_pipes, serial_shops,
          nicolae_shop_trees, nicolae_ossuary_entry_plus, minmay_door_square,
          hex_tiny, nemelex_spade_bored_becter
D:5:      overflow_temple_1_default, first_ration, uniq_ijyb
D:6:      kennysheep_mini_moat, temple_green
D:7:      marbit_many_paths, kennysheep_diamond, uniq_joseph
D:8:      nicolae_overflow_hidden_temple, erik_lair_orcish_takeover,
          basic_altar, uniq_psyche
Temple:   cyrus_temple_forest
Sewer:    sewer_co_purgy_island

Skill      XL: |  1  2  3  4  5  6  7  8  9 |
---------------+----------------------------+-----
Spellcasting   | 3 4 5 6 |  6.5
Ice Magic      | 4 5 6 7 |  7.4
Conjurations   | 2 4 5 6 |  6.0
Summonings     | 2 3 4 |  4.2
Fighting       | 2 3 |  3.2
Dodging        | 2 3 |  3.0
Stealth        | |  2.1

Action                   |  1- 3 |  4- 6 |  7- 9 || total
-------------------------+-------+-------+-------++-------
Melee: Mace              |    18 |    60 |   125 ||   203
       Unarmed           |     1 |       |       ||     1
 Cast: Freeze            |    47 |    74 |   162 ||   283
       Throw Frost       |     5 |    18 |    17 ||    40
       Ozocubu's Armour  |       |     3 |     3 ||     6
       Summon Ice Beast  |       |       |     2 ||     2
  Use: Scroll            |       |       |    14 ||    14
  Eat: Chunk             |     3 |     7 |     7 ||    17
       Ration            |       |       |     2 ||     2
Armor: Robe              |    21 |    60 |   125 ||   206
Dodge: Dodged            |    45 |    90 |   218 ||   353

Table legend:
 A = Spawn XP
 B = Non-spawn XP
 C = Spawn XP percentage of total XP
 D = Spawn monster count
 E = Non-spawn monster count
 F = Spawn count percentage of total count
 G = Total turns spent on level
                    A         B        C        D         E        F      G
               +---------+---------+-------+---------+---------+-------+---------
         Total |       0 |    3934 |   0.0 |       0 |     139 |   0.0 |  7547
               +---------+---------+-------+---------+---------+-------+---------
           D:1 |       0 |      52 |   0.0 |       0 |      20 |   0.0 |   877
           D:2 |       0 |      19 |   0.0 |       0 |      12 |   0.0 |  1038
           D:3 |       0 |     253 |   0.0 |       0 |      10 |   0.0 |   985
           D:4 |       0 |     346 |   0.0 |       0 |      44 |   0.0 |  1095
           D:5 |       0 |     659 |   0.0 |       0 |      17 |   0.0 |   708
           D:6 |       0 |     488 |   0.0 |       0 |       6 |   0.0 |  1410
           D:7 |       0 |    1431 |   0.0 |       0 |      17 |   0.0 |   828
           D:8 |       0 |     561 |   0.0 |       0 |       4 |   0.0 |   267
         Sewer |       0 |     125 |   0.0 |       0 |       9 |   0.0 |   285
               +---------+---------+-------+---------+---------+-------+---------

Vault maps used:
D:1:      ldierk_walled_garden_2
D:2:      old_standard_altar, evilmike_ruin_ashenzari
D:3:      lemuel_coloured_pillars_altar, minmay_misc_feat_diagonals,
          uniq_natasha, uniq_grinder, uniq_purgy
D:4:      corexii_shack_village, lightli_sewer_entry_pipes, serial_shops,
          nicolae_shop_trees, nicolae_ossuary_entry_plus, minmay_door_square,
          hex_tiny, nemelex_spade_bored_becter
D:5:      overflow_temple_1_default, first_ration, uniq_ijyb
D:6:      kennysheep_mini_moat, temple_green
D:7:      marbit_many_paths, kennysheep_diamond, uniq_joseph
D:8:      nicolae_overflow_hidden_temple, erik_lair_orcish_takeover,
          basic_altar, uniq_psyche
Temple:   cyrus_temple_forest
Sewer:    sewer_co_purgy_island

Table legend:
 A = Turns spent in this place as a percentage of turns spent in the entire game.
 B = Non-inter-level travel turns spent in this place as a percentage of non-inter-level travel turns spent in the entire game.
 C = Inter-level travel turns spent in this place as a percentage of turns spent in this place.
 D = Turns resting spent in this place as a percentage of non-inter-level travel turns spent in this place.
 E = Turns spent auto-exploring this place as a percentage of non-inter-level travel turns spent in this place.
 F = Non-inter-level travel turns spent in this place divided by the number of levels of this place that you've seen.
                   A       B       C       D       E      F
               +-------+-------+-------+-------+-------+----------------------
         Total | 100.0 | 100.0 |   3.9 |   0.4 |  81.5 | 724.9
       Dungeon |  95.5 |  95.7 |   3.7 |   0.4 |  81.5 | 867.2
        Temple |   0.7 |   0.4 |  51.9 |   0.0 |  88.5 |  26.0
         Sewer |   3.8 |   3.9 |   0.0 |   0.0 |  80.0 | 285.0
               +-------+-------+-------+-------+-------+----------------------

Table legend:
 A = Kills in this place as a percentage of kills in entire the game.
 B = Kills by you in this place as a percentage of kills by you in the entire game.
 C = Kills by friends in this place as a percentage of kills by friends in the entire game.
 D = Other kills in this place as a percentage of other kills in the entire game.
 E = Experience gained in this place as a percentage of experience gained in the entire game.
 F = Experience gained in this place divided by the number of levels of this place that you have seen.
                   A       B       C       D       E      F
               +-------+-------+-------+-------+-------+----------------------
         Total | 100.0 | 100.0 | 100.0 |   N/A | 100.0 | 393.4
       Dungeon |  93.5 |  93.5 | 100.0 |   N/A |  96.8 | 476.1
         Sewer |   6.5 |   6.5 |   0.0 |   N/A |   3.2 | 125.0
               +-------+-------+-------+-------+-------+----------------------
